 Dungeon Crawl Stone Soup version 0.23.2 (webtiles) character file.

Game seed: 7977907955484201790

39 ElTigreChino the Cudgeler (level 3, 33/36 HPs)
             Began as a Troll Berserker on Apr 10, 2019.
             Was a Follower of Trog.
             Quit the game on level 2 of the Dungeon.
             The game lasted 00:06:14 (1104 turns).

ElTigreChino the Cudgeler (Troll Berserker)         Turns: 1104, Time: 00:06:14

Health: 33/36      AC:  6    Str: 26    XL:     3   Next: 26%
Magic:  2/2        EV: 10    Int:  3    God:    Trog [*.....]
Gold:   29         SH:  0    Dex:  9    Spells: 2/2 levels left

rFire    . . .     SeeInvis .   a - +0 mace
rCold    . . .     Gourm    +   (no shield)
rNeg     . . .     Faith    .   b - +0 animal skin
rPois    .         Spirit   .   (helmet restricted)
rElec    .         Reflect  .   (no cloak)
rCorr    .         Harm     .   (gloves unavailable)
MR       .....                  (boots unavailable)
Stlth    +.........             (no amulet)
HPRegen  0.52/turn              (no ring)
MPRegen  0.08/turn              (no ring)

@: no status effects
A: large, unfitting armour, claws 3, fast metabolism 3, gourmand, regeneration
1, shaggy fur 1, tough skin 3
a: Berserk, Renounce Religion


You were on level 2 of the Dungeon.
You worshipped Trog.
Trog was aware of your devotion.
You were completely stuffed.

You visited 1 branch of the dungeon, and saw 2 of its levels.

You collected 29 gold pieces.

Inventory:

Hand Weapons
 a - a +0 mace (weapon)
Armour
 b - a +0 animal skin (worn)
Scrolls
 e - a scroll of enchant weapon {unknown}
 g - 3 scrolls of random uselessness {unknown}
 j - a scroll of noise {unknown}
 k - 2 scrolls of magic mapping {unknown}
Potions
 d - a potion of might {unknown}
 f - a potion of brilliance {unknown}
 h - a potion of lignification {unknown}
 i - a potion of degeneration {unknown}
Comestibles
 c - 3 rations


   Skills:
 + Level 2.9 Fighting
 + Level 3.1 Maces & Flails
 + Level 2.9 Dodging


You had 2 spell levels left.
You didn't know any spells.
Your spell library was empty.

Dungeon Overview and Level Annotations

Branches:
Dungeon (2/15)

Altars:


Innate Abilities, Weirdness & Mutations

You are too large for most types of armour.
You have claws for hands.
Your metabolism is lightning-fast.
You like to eat raw meat.
Your natural rate of healing is unusually fast.
You are covered in fur. (AC +1)
You have extremely tough skin. (AC +3)


Message History

l - a chunk of flesh You see here an adder skeleton.
k - 2 scrolls labeled SIT ZARAOKOLAO (gained 1) Eating a chunk of flesh.
You eat the chunk of flesh.
This raw flesh tastes great.
HP restored.
A kobold comes into view. It is wielding a +0 dagger.
The kobold shouts!
You barely miss the kobold. The kobold barely misses you.
You hit the kobold.
The kobold is severely wounded.
The kobold hits you but does no damage. x2
You completely miss the kobold.
The kobold is severely wounded.
The kobold hits you with a +0 dagger.
You sock the kobold!
You kill the kobold!
Trog accepts your kill.
Things that are here:
a +0 dagger; a kobold corpse Are you sure you want to abandon this character and quit the game? (Confirm with "yes".)

## ..# #.# #.# #. #.# ..
. #### ###.## #.###.
###... ###....# #..#..
#...######......#
#.#.###.##....>..#.<^(##
#......@...# ##...†.##.
..####...#######
##.........
#.......#####
#....(....#
............#
#.........#
.##.#.##.##.##
#..)......# # #. #.....#
#.........# # ####÷.##
#..........
####...#####.......##
#..........)....[...#


There were no monsters in sight!

Vanquished Creatures
  An adder (D:2)
  2 worms (D:2)
  2 ball pythons
  2 giant cockroaches (D:1)
  2 goblins
  3 hobgoblins
  4 bats
  6 kobolds
  4 rats (D:1)
26 creatures vanquished.

Notes
Turn   | Place    | Note
-------+----------+-------------------------------------------
     0 | D:1      | ElTigreChino the Troll Berserker began the quest for the
                  | Orb.
     0 | D:1      | Reached XP level 1. HP: 22/22 MP: 0/0
   372 | D:1      | Reached XP level 2. HP: 29/29 MP: 1/1
   675 | D:1      | Reached skill level 3 in Maces & Flails
  1057 | D:2      | Reached XP level 3. HP: 36/36 MP: 2/2
  1104 | D:2      | Quit the game

Skill      XL: |  1  2 |
---------------+-------+-----
Maces & Flails | 3 |  3.1
Fighting       | |  2.9
Dodging        | |  2.9

Action                   || total
-------------------------++-------
Melee: Mace              ||    64
Invok: Berserk           ||     1
  Eat: Chunk             ||    17
Armor: Animal skin       ||    28
Dodge: Dodged            ||    24
